 Dungeon Crawl Stone Soup version 0.31-a0-154-g56bf346678 (webtiles) character file.

Game seed: 2432858819752718397

3357171 RepHenryClay the Slayer (level 27, 184/193 HPs)
             Began as a Demonspawn Gladiator on June 6, 2023.
             Was a High Priest of Okawaru.
             Escaped with the Orb
             ... and 5 runes on June 12, 2023!
             The game lasted 03:17:55 (64520 turns).

RepHenryClay the Slayer (Demonspawn Gladiator)     Turns: 64520, Time: 03:17:56

Health: 184/193    AC: 46    Str: 29    XL:     27
Magic:  30/30      EV: 25    Int: 20    God:    Okawaru [*****.]
Gold:   3954       SH: 24    Dex: 25    Spells: 26/26 levels left

rFire   + + .        z - +8 demon blade "Leech" {evervamp, Harm Drain rN+}
rCold   + + +        B - +4 kite shield of Optimism {-Cast Dex+4 Stlth+}
rNeg    + . .        h - +4 plate armour "Jemeat" {Will+ Regen+ Int+8}
rPois   +            G - +2 hat {Will+}
rElec   +            Q - +2 cloak {rPois}
rCorr   +            (gloves unavailable)
SInv    +            X - +2 pair of boots
Will    ++++.        J - amulet "Nunif" {Rampage rC+++ Regen+ Dex+3 SInv} Stlth
                     p - ring of resist corrosion
HPRegen 2.12/turn    K - ring of Prescription {rElec rF+ Str+6}
MPRegen 0.22/turn

%: no spellcasting, harm (+30% outgoing, +20% incoming), rampage
@: hasted, studying Armour, very quick
A: claws 3, molten scales 3, foul stench 3, icemail 2, black mark, condensation
shield, bedeviling, aura of silence, horns 1, frail 2, low MP 1, screaming 1
0: Orb of Zot
}: 5/15 runes: decaying, slimy, silver, abyssal, gossamer
a: Renounce Religion, Heroism, Finesse, Duel


You escaped.
You worshipped Okawaru.
Okawaru was extremely pleased with you.
You visited 12 branches of the dungeon, and saw 56 of its levels.
You visited the Abyss 1 time.
You also visited: Ossuary and Volcano.

You collected 9563 gold pieces.
You spent 5609 gold pieces at shops.

Inventory:

Hand Weapons
 z - the +8 demon blade "Leech" (weapon) {evervamp, Harm Drain rN+}
   (You bought it in a shop on level 3 of the Dungeon)

   rN:        It protects you from negative energy.
   Drain:     It drains your maximum health when unequipped.
   Harm:      It increases damage dealt and taken.
Missiles
 b - 2 silver javelins
 d - 8 throwing nets
 e - 20 javelins (quivered)
Armour
 h - the +4 plate armour "Jemeat" (worn) {Will+ Regen+ Int+8}
   (You took it off a deep elf master archer on level 3 of the Elven Halls)

   Int:       It affects your intelligence (+8).
   Regen:     It increases your rate of health regeneration.
   Will:      It increases your willpower.
 o - the +3 helmet of Pufenut {Str+2 Int+5}
   (You took it off Robin on level 2 of the Dungeon)

   Str:       It affects your strength (+2).
   Int:       It affects your intelligence (+5).
 B - the +4 kite shield of Optimism (worn) {-Cast Dex+4 Stlth+}
   (You bought it in a shop on level 3 of the Depths)

   Dex:       It affects your dexterity (+4).
   -Cast:     It prevents spellcasting.
   Stlth:     It makes you more stealthy.
 E - the +3 cloak "Zairaitt" {Fly rPois rF- Str+3}
   (Okawaru gifted it to you on level 9 of the Dungeon)

   Str:       It affects your strength (+3).
   rF:        It makes you vulnerable to fire.
   rPois:     It protects you from poison.
   Fly:       It grants you flight.
 G - a +2 hat of willpower (worn)
 Q - a +2 cloak of poison resistance (worn)
 S - a +1 cloak of willpower
 T - the +11 plate armour of Zebin {Slay+2}
   (Okawaru gifted it to you on level 5 of the Vaults)

   Slay:      It affects your accuracy & damage with ranged weapons and melee
   (+2).
 U - the +1 cloak of Action {Fly}
   (You found it on level 3 of the Swamp)

   Fly:       It grants you flight.
 X - a +2 pair of boots (worn)
Jewellery
 c - the amulet "Wokhil" {Reflect Harm rF++ SH+5}
   (You took it off a deep elf sorcerer on level 3 of the Elven Halls)

   [amulet of reflection]

   It reflects blocked missile attacks.
   rF:        It greatly protects you from fire.
   SH:        It affects your SH (+5).
   Harm:      It increases damage dealt and taken.
 p - a ring of resist corrosion (left claw)
 t - the ring of Jecryg {Fly rC+ Str+2 Int-3 Dex+3}
   (You found it on level 14 of the Dungeon)

   [ring of protection from cold]

   Str:       It affects your strength (+2).
   Int:       It affects your intelligence (-3).
   Dex:       It affects your dexterity (+3).
   rC:        It protects you from cold.
   Fly:       It grants you flight.
 u - the ring "Sirpho" {rC+ Dex+3 SInv}
   (You found it on level 5 of the Pits of Slime)

   [ring of see invisible]

   Dex:       It affects your dexterity (+3).
   rC:        It protects you from cold.
   SInv:      It lets you see invisible.
 A - the ring of Ejeoqeerphu {rPois rC+ AC+4}
   (You found it on level 3 of the Swamp)

   [ring of protection]

   AC:        It affects your AC (+4).
   rC:        It protects you from cold.
   rPois:     It protects you from poison.
 I - the ring "Fuen" {+Blink rF++ Will+ Dex-2 Stlth+}
   (You acquired it on level 2 of the Crypt)

   [ring of willpower]

   Dex:       It affects your dexterity (-2).
   rF:        It greatly protects you from fire.
   +Blink:    It lets you blink.
   Will:      It increases your willpower.
   Stlth:     It makes you more stealthy.
 J - the amulet "Nunif" (around neck) {Rampage rC+++ Regen+ Dex+3 SInv}
   (You acquired it on level 3 of the Vaults)

   [amulet of regeneration]

   Dex:       It affects your dexterity (+3).
   rC:        It renders you almost immune to cold.
   SInv:      It lets you see invisible.
   Regen:     It increases your rate of health regeneration.
   Rampage:   It bestows one free step when moving towards enemies.
 K - the ring of Prescription (right claw) {rElec rF+ Str+6}
   (You found it on level 14 of the Dungeon)

   [ring of strength]

   Str:       It affects your strength (+6).
   rF:        It protects you from fire.
   rElec:     It insulates you from electricity.
 P - a +5 ring of evasion
 V - the ring "Dyets" {rF+ rC+ Will+ Stlth-}
   (You took it off an ironbound convoker on level 5 of the Vaults)

   [ring of protection from cold]

   rF:        It protects you from fire.
   rC:        It protects you from cold.
   Will:      It increases your willpower.
   Stlth:     It makes you less stealthy.
 Z - a ring of see invisible
Wands
 f - a wand of mindburst (40)
 s - a wand of light (45)
 H - a wand of digging (37)
 N - a wand of paralysis (68)
 O - a wand of iceblast (75)
Scrolls
 k - 2 scrolls of fear
 n - 14 scrolls of enchant armour
 r - 9 scrolls of blinking
 w - 16 scrolls of enchant weapon
 y - 27 scrolls of teleportation
 C - 6 scrolls of immolation
 D - 6 scrolls of poison
 M - 7 scrolls of fog
Potions
 a - 3 potions of invisibility
 g - 5 potions of ambrosia
 l - 21 potions of curing
 q - 3 potions of cancellation
 v - 8 potions of magic
 x - 7 potions of enlightenment
 L - 3 potions of resistance
 Y - 4 potions of heal wounds
Miscellaneous
 R - a condenser vane
 W - a lightning rod (4/4)


   Skills:
 - Level 25.4 Fighting
 - Level 14.0 Long Blades
 - Level 5.5 Staves
 - Level 16.0 Throwing
 - Level 22.0 Armour
 - Level 22.0 Dodging
 - Level 15.8 Shields
 - Level 15.0 Invocations
 + Level 11.3 Evocations


You had 26 spell levels left.
You didn't know any spells.
Your spell library contained the following spells:

 Spells                   Type           Power      Damage    Failure   Level
 Apportation              Tloc           0%         N/A       69%         1
 Foxfire                  Conj/Fire      0%         2x1d4     69%         1
 Magic Dart               Conj           0%         1d3       69%         1
 Necrotise                Necr           0%         1d4       69%         1
 Shock                    Conj/Air       0%         1d3       69%         1
 Slow                     Hex            0%         N/A       69%         1
 Sting                    Tmut/Pois      0%         1d3       69%         1
 Lesser Beckoning         Tloc           0%         N/A       83%         2
 Passwall                 Tmut/Erth      0%         N/A       83%         2
 Poisonous Vapours        Pois/Air       0%         N/A       83%         2
 Searing Ray              Conj           0%         2d4       83%         2
 Static Discharge         Conj/Air       0%         2-2/arc   83%         2
 Confusing Touch          Hex            0%         N/A       96%         3
 Dazzling Flash           Conj/Hex       0%         N/A       96%         3
 Frozen Ramparts          Ice            0%         1d1       96%         3
 Gell's Gravitas          Tloc           0%         N/A       96%         3
 Ignite Poison            Fire/Tmut/Pois 0%         N/A       96%         3
 Inner Flame              Hex/Fire       0%         N/A       96%         3
 Mephitic Cloud           Conj/Pois/Air  0%         N/A       96%         3
 Ozocubu's Armour         Ice            0%         N/A       96%         3
 Portal Projectile        Hex/Tloc       0%         N/A       96%         3
 Stone Arrow              Conj/Erth      0%         3d7       96%         3
 Swiftness                Air            0%         N/A       96%         3
 Teleport Other           Tloc           0%         N/A       96%         3
 Vampiric Draining        Necr           0%         2d6       96%         3
 Vhi's Electric Charge    Tloc/Air       0%         N/A       96%         3
 Volatile Blastmotes      Fire/Tloc      0%         2d10      96%         3
 Airstrike                Air            0%         2d(0-16)  100%        4
 Anguish                  Hex/Necr       0%         N/A       100%        4
 Cause Fear               Hex            0%         N/A       100%        4
 Fulminant Prism          Conj/Hex       0%         3d5       100%        4
 Ice Form                 Ice/Tmut       0%         N/A       100%        4
 Iskenderun's Mystic Bla  Conj/Tloc      0%         2d3       100%        4
 Leda's Liquefaction      Hex/Erth       0%         N/A       100%        4
 Manifold Assault         Tloc           0%         N/A       100%        4
 Petrify                  Tmut/Erth      0%         N/A       100%        4
 Sticky Flame             Conj/Fire      0%         2d3       100%        4
 Agony                    Necr           0%         N/A       100%        5
 Arcjolt                  Conj/Air       0%         1d10      100%        5
 Blade Hands              Tmut           0%         N/A       100%        5
 Borgnjor's Vile Clutch   Necr/Erth      0%         N/A       100%        5
 Fireball                 Conj/Fire      0%         3d3       100%        5
 Freezing Cloud           Conj/Ice/Air   0%         6-21      100%        5
 Irradiate                Conj/Tmut      0%         3d11      100%        5
 Iskenderun's Battlesphe  Conj           0%         2d6       100%        5
 Lee's Rapid Deconstruct  Erth           0%         3d4*      100%        5
 Metabolic Englaciation   Hex/Ice        0%         N/A       100%        5
 Yara's Violent Unravell  Hex/Tmut       0%         3d3       100%        5
 Conjure Ball Lightning   Conj/Air       0%         3x3d6     100%        6
 Dispersal                Tloc           0%         N/A       100%        6
 Leda's Unmaking          Conj/Erth      0%         9d1       100%        6
 Plasma Beam              Fire/Air       0%         2x1d10    100%        6
 Starburst                Conj/Fire      0%         6d3       100%        6
 Statue Form              Tmut/Erth      0%         N/A       100%        6
 Dragon Form              Tmut           0%         N/A       100%        7
 Enfeeble                 Hex            0%         N/A       100%        7
 Orb of Destruction       Conj           0%         9d5       100%        7
 Ozocubu's Refrigeration  Ice            0%         4d7       100%        7
 Borgnjor's Revivificati  Necr           0%         N/A       100%        8
 Disjunction              Tloc           0%         N/A       100%        8
 Ignition                 Fire           0%         3d3       100%        8
 Lehudib's Crystal Spear  Conj/Erth      0%         10d2      100%        8
 Maxwell's Capacitive Co  Air            0%         ∞         100%        8
 Necromutation            Tmut/Necr      0%         N/A       100%        8
 Death's Door             Necr           0%         N/A       100%        9
 Polar Vortex             Ice            0%         N/A       100%        9
 Shatter                  Erth           0%         3d5*      100%        9
 Summon Small Mammal      Summ           Unusable   N/A       N/A         1
 Call Imp                 Summ           Unusable   N/A       N/A         2
 Call Canine Familiar     Summ           Unusable   N/A       N/A         3
 Animate Armour           Summ/Erth      Unusable   N/A       N/A         4
 Animate Dead             Necr           Unusable   N/A       N/A         4
 Summon Ice Beast         Ice/Summ       Unusable   N/A       N/A         4
 Summon Lightning Spire   Summ/Air       Unusable   N/A       N/A         4
 Death Channel            Necr           Unusable   N/A       N/A         6
 Simulacrum               Ice/Necr       Unusable   N/A       N/A         6
 Dragon's Call            Summ           Unusable   N/A       N/A         9

Dungeon Overview and Level Annotations

Branches:
Dungeon (15/15)            Temple (1/1) D:4            Lair (5/5) D:11
  Swamp (4/4) Lair:2       Spider (4/4) Lair:2        Slime (5/5) Lair:5
    Orc (2/2) D:9             Elf (3/3) Orc:2        Vaults (5/5) D:14
  Crypt (3/3) Vaults:3       Tomb (0/3) Crypt:3      Depths (4/4) D:15
    Zot (5/5) Depths:4    Ossuary (visited)         Volcano (visited)

Altars:
Ashenzari
Cheibriados
Dithmenos
Fedhas
Gozag
Hepliaklqana
Kikubaaqudgha
Makhleb
Nemelex Xobeh
Okawaru
Qazlal
Ru
Trog
Uskayaw
Vehumet
Wu Jian
Xom
Yredelemnul
Jiyva

Shops:
D:3 *   Orc:1 [   Orc:2 *!?*   Elf:3 =((*(   Vaults:3 *   Depths:3 *:(

Portals:
Hell: Depths:1 Depths:2 Depths:3 Depths:4
Abyss: Depths:1 Depths:2 Depths:3 Depths:4
Pandemonium: Depths:2
Ziggurat: Depths:2

Annotations:
D:11 exclusion: statue
Swamp:3 exclusion: 2 lightning spires
Spider:1 Roxanne
Elf:1 1 runed translucent door
Vaults:3 acq
Vaults:4 !mennas, Mennas
Zot:5 3 runed translucent doors, MrSquiggles's ghost, adept MiFi


Innate Abilities, Weirdness & Mutations

You have claws for hands.
You are completely covered in molten scales. (AC +4, rF+)
You frequently emit foul miasma when damaged in melee.
A meltable icy envelope protects you from harm. (AC +8)
Your melee attacks may debilitate your foes.
A meltable shield of frost defends you. (SH +4)
Your hexes are more powerful.
You are surrounded by an aura of silence.
You have a pair of small horns on your head.
You are very frail. (-20% HP)
Your magical capacity is low. (-10% MP)
You occasionally shout uncontrollably at your foes.


Message History

There is a stone staircase leading up here.
You climb upwards.
There is a stone staircase leading down here.
Items here: ( ))).
Items here: ))))).
Items here: )))).
Things that are here:
a +0 animal skin; a +0 spear A demonic crawler comes into view.
You yell at the demonic crawler!
The demonic crawler gives a hideous shriek!
There is a stone staircase leading up here.
The demonic crawler closely misses you. You block the demonic crawler's attack.
The demonic crawler hits you but does no damage.
You climb upwards.
There is a stone staircase leading down here.
You slash the demonic crawler!
The demonic crawler looks weaker.
The demonic crawler is heavily wounded.
You block the demonic crawler's attack. x3
You carve the demonic crawler like a ham!!!
You kill the demonic crawler!
Okawaru accepts your kill.
A Hell Sentinel comes into view.
The Hell Sentinel roars!
The Hell Sentinel attacks as you move away!
You block the Hell Sentinel's attack.
The Hell Sentinel completely misses you.
The Hell Sentinel gestures at you. You block the iron shot.
The Hell Sentinel gestures at you.
The sphere of damnation explodes!
The damnation engulfs you!!
Damage: -16%(-32hp) hp: 84%(161hp)
Aiming: Dig
Press: ? - help, Shift-Dir - straight line, f - you Please select a direction to dig.
This square is covered in magical glow.
The rock shatters into small pieces.
You feel yourself speed up.
There is a staircase leading out of the dungeon here.
You have escaped!

..###### #........#.#.............
.......###.#########.######.####...
..####...............# #...##...
### ###.########'###########.#####
##........'8.8+........#.#
######.........#...#........#.#
......#...⌠....##+##....⌠...#.#
....1###....1..............##.#
.....# ######....@....######..#
.....# ##.......###.....##
.....###### ##########..######
..........# #.##....# ..........#
#.##....# ##........# ##.##....#
##........# #..#.....# ..........#
#.##.....# ..........#
########.##....##


You could see a Hell Sentinel.

Vanquished Creatures
  the Royal Jelly (Slime:5)
  4 dread liches
  3 ancient liches
  3 pandemonium lords (Zot:3)
  6 orbs of fire
  Parghit (Depths:4)
  Vv (Crypt:1)
  Margery (Crypt:1)
  5 Killer Klowns
  4 caustic shrikes (Depths:4)
  2 curse toes
  7 golden dragons
  the Enchantress (Depths:4)
  2 profane servitors
  Jory (Crypt:1)
  5 bone dragons
  2 Brimstone Fiends
  4 electric golems
  An Ice Fiend (D:14)
  The ghost of Yzemonill the Covert, an adept HuVM of Kikubaaqudgha (Elf:2)
  20 tentacled monstrosities
  28 Orb Guardians
  6 titans
  5 deep elf master archers
  3 liches
  6 deep elf blademasters
  8 acid blobs
  6 quicksilver dragons
  5 sphinxes
  9 ancient champions
  2 tentacled starspawn (Abyss:3)
  13 death cobs
  7 tengu reavers
  13 shadow dragons
  A shadow dragon (shapeshifter) (Depths:2)
  Donald (Spider:1)
  18 draconian monks
  2 thorn hunters
  A storm dragon (shapeshifter) (Depths:2)
  4 revenants (Crypt:3)
  26 storm dragons
  13 azure jellies
  15 fire giants
  5 draconian knights
  12 rockslimes
  5 iron dragons
  6 emperor scorpions
  7 deep elf sorcerers
  An iron dragon (shapeshifter) (Depths:2)
  A frost giant (shapeshifter) (Depths:2)
  11 draconian scorchers
  Louise (Depths:4)
  11 ghost moths
  A curse skull (Crypt:1)
  9 frost giants
  A balrug (Depths:3)
  Aizul (Elf:1)
  8 vault wardens
  9 draconian shifters
  An angel (D:9)
  4 draconian stormcallers
  2 orc warlords
  2 caustic shrike zombies
  3 reapers
  5 ghouls
  4 deep elf elementalists
  3 spriggan defenders (Depths:4)
  16 ironbound preservers
  6 draconian annihilators
  4 war gargoyles
  A juggernaut skeleton (Depths:3)
  12 quicksilver oozes
  16 very ugly things
  A caustic shrike skeleton (Crypt:3)
  3 formless jellyfish
  18 stone giants
  15 green draconians
  7 ironbound thunderhulks
  2 broodmothers (Spider:4)
  6 vampire knights
  3 deep elf demonologists
  13 black draconians
  5 eleionomae
  14 yellow draconians
  6 bunyips
  12 white draconians
  19 purple draconians
  A lorocyproca (Depths:2)
  5 spark wasps
  19 red draconians
  8 dire elephants
  14 deep elf annihilators
  6 deep elf death magi
  13 ettins
  A crystal guardian (Depths:2)
  7 eidola
  4 entropy weavers
  A quicksilver dragon zombie (Depths:3)
  16 yaktaur captains
  A shambling mangrove (Swamp:4)
  28 vault guards
  12 fire dragons
  Josephine (Spider:1)
  3 deep elf high priests
  Harold (D:11)
  16 hydras
  2 merfolk javelineers
  7 jiangshi
  7 great orbs of eyes
  9 ice dragons
  4 rakshasas
  A salamander tyrant (Depths:2)
  A ghost crab (Swamp:3)
  An ice dragon (shapeshifter) (Depths:2)
  4 spriggan air magi
  An ogre mage (Orc:1)
  Fannar (D:12)
  20 centaur warriors
  2 catoblepae
  A satyr (shapeshifter) (Depths:2)
  A fenstrider witch skeleton (Crypt:2)
  2 spriggan skeletons
  A hell beast (Depths:1)
  5 ironbound frosthearts
  A juggernaut simulacrum (Depths:2)
  A peacekeeper (Vaults:2)
  The ghost of uvd540 the Fighter, a novice MiBe of Trog (Lair:1)
  39 dancing weapons
  Erica (Lair:1)
  9 alligators
  A death scarab (Spider:3)
  8 tengu warriors
  7 two-headed ogres
  13 demonic crawlers
  12 boulder beetles
  A death knight (Crypt:1)
  3 radroaches
  An azure jelly zombie (Crypt:2)
  6 death yaks (Lair:5)
  3 deep troll earth magi
  3 thrashing horrors (Abyss:3)
  5 deep troll shamans
  7 vampire magi
  2 soul eaters
  4 spriggan berserkers (Depths:4)
  6 orc high priests
  2 sun demons
  15 deep elf knights
  12 hell knights
  A fire crab (shapeshifter) (Vaults:5)
  5 iron trolls
  An iron troll (shapeshifter) (Vaults:5)
  2 wretched stars (Abyss:3)
  A salamander mystic (Volcano)
  A sun moth (Spider:2)
  A sixfirhy (D:10)
  21 skeletal warriors
  3 flayed ghosts
  6 pharaoh ants
  3 shadow wraiths
  36 deep trolls
  6 goliath frogs
  2 skysharks (Lair:3)
  A sea snake (shapeshifter) (Depths:3)
  4 spriggan druids
  A swamp dragon (shapeshifter) (Vaults:5)
  3 spectral hydras (Swamp:4)
  12 orb spiders
  6 swamp dragons
  13 ironbound convokers
  A spriggan simulacrum (Crypt:1)
  3 glowing orange brains
  8 bog bodies
  A shadow dragon zombie (Depths:3)
  13 steelbarb worms
  15 deep elf archers
  2 wizards
  A lindwurm (shapeshifter) (Zot:3)
  12 phantasmal warriors
  A steelbarb worm (shapeshifter) (Vaults:4)
  A harpy (D:14)
  7 necromancers
  13 lindwurms
  2 wolf spider zombies
  28 deep elf pyromancers
  23 deep elf zephyrmancers
  10 orc knights
  A tengu zombie (Depths:3)
  26 wolf spiders
  5 starcursed masses (Abyss:3)
  A sphinx zombie (Depths:3)
  3 orc sorcerers
  8 ugly things
  10 shining eyes
  A draconian zombie (Crypt:1)
  2 sphinx skeletons
  A cyclops (D:15)
  A shining eye (shapeshifter) (Zot:3)
  4 oklob plants
  A salamander (shapeshifter) (Elf:3)
  3 will-o-the-wisps
  2 iron dragon zombies
  4 salamanders (Volcano)
  12 elephants
  2 worldbinders (Abyss:3)
  2 manticores
  30 moths of wrath
  Maurice (Orc:1)
  9 black mambas
  2 molten gargoyles (Lair:5)
  An apocalypse crab (Abyss:3)
  16 vault sentinels
  An eleionoma skeleton (Crypt:3)
  A dire elephant zombie (Crypt:3)
  Joseph (D:8)
  24 cane toads
  5 smoke demons
  2 torpor snails
  A minotaur zombie (Crypt:3)
  A gargoyle (D:13)
  2 eyes of devastation
  25 yaktaurs
  3 unseen horrors
  2 efreet
  3 rime drakes
  6 swamp worm zombies (Swamp:4)
  4 freezing wraiths
  A kobold demonologist (D:13)
  2 tormentors
  3 tengu conjurers
  4 hydra zombies (Swamp:4)
  14 komodo dragons
  7 trolls
  A polar bear (shapeshifter) (D:14)
  An ancient zyme (Abyss:3)
  A polar bear (Lair:5)
  9 tyrant leeches
  A bloated husk (Swamp:4)
  3 hellwings
  A meliai (shapeshifter) (Depths:2)
  A harpy skeleton (Crypt:2)
  A tengu simulacrum (Depths:3)
  16 blink frogs
  24 tarantellas
  13 hornets
  3 raiju (Abyss:3)
  A tarantella zombie (Crypt:1)
  Prince Ribbit (D:8)
  2 spectral swamp dragons (Swamp:4)
  4 alligator zombies (Swamp:4)
  An ettin zombie (Crypt:3)
  A fire giant simulacrum (Depths:3)
  A centaur simulacrum (Crypt:3)
  20 culicivoras
  28 jumping spiders
  A spriggan (shapeshifter) (Depths:2)
  3 large abominations (Abyss:3)
  A satyr skeleton (Crypt:2)
  An air elemental (Elf:1)
  9 flying skulls
  A guardian serpent skeleton (Crypt:3)
  3 water elementals
  11 spriggans
  2 shadows
  12 wraiths
  91 slime creatures
  An alligator skeleton (Crypt:3)
  A wind drake zombie (Crypt:2)
  A naga simulacrum (Crypt:3)
  45 yaks
  A human (shapeshifter) (Elf:2)
  7 basilisks
  5 vampires
  A basilisk (shapeshifter) (Elf:2)
  6 golden eyes (Slime:5)
  7 wyverns
  2 fire elementals
  2 fire bats (Abyss:3)
  A steam dragon (shapeshifter) (Depths:2)
  A neqoxec (D:12)
  36 redbacks
  3 steam dragons
  13 vampire mosquitoes
  19 swamp worms
  2 wargs
  20 water moccasins
  A water moccasin (shapeshifter) (Depths:2)
  2 acid dragons
  3 hell hounds (Lair:5)
  2 floating eyes
  3 small abominations (Abyss:3)
  A swamp drake (Swamp:2)
  3 ice beasts
  38 orc warriors
  A sky beast (D:6)
  A black bear (D:5)
  3 swamp dragon zombies (Swamp:4)
  An ettin simulacrum (Crypt:1)
  7 wolves
  12 ogres
  10 centaurs
  7 phantoms
  5 elf zombies (Ossuary)
  2 gnoll sergeants
  7 kobold brigands
  8 bullfrogs
  3 necrophages
  An earth elemental (Elf:3)
  4 scorpions
  A salamander skeleton (Crypt:1)
  20 wights
  A polar bear zombie (Crypt:3)
  A cyclops skeleton (Crypt:1)
  11 killer bees
  14 electric eels
  4 howler monkeys
  9 lava snakes
  7 centaur zombies
  A jelly (D:7)
  33 orc priests
  4 human zombies (Ossuary)
  A quasit (Abyss:3)
  A gnoll bouda (D:5)
  2 hounds (D:4)
  2 spectral swamp drakes (Swamp:4)
  Crazy Yiuf (D:5)
  Jessica (D:2)
  3 sleepcaps
  17 orc wizards
  5 iguanas
  A boggart skeleton (Crypt:2)
  3 polar bear simulacra (Lair:2)
  A yak simulacrum (Lair:2)
  5 wolf simulacra (Lair:2)
  A naga zombie (Crypt:3)
  An ogre skeleton (Crypt:1)
  A tengu skeleton (Crypt:1)
  3 mummies (Ossuary)
  Robin (D:2)
  6 adders
  19 gnolls
  A swamp drake zombie (Swamp:4)
  A swamp drake skeleton (Crypt:2)
  2 shadow imps
  A white imp (D:8)
  An ufetubus (Abyss:3)
  An iguana zombie (Crypt:2)
  5 worms
  2 dart slugs (D:2)
  82 orcs
  5 bats
  A bat skeleton (Crypt:3)
  11 endoplasms
  2 giant cockroaches
  21 goblins
  8 hobgoblins
  5 jackals (D:1)
  2 quokkas
  6 ball pythons
  A dart slug zombie (Crypt:1)
  7 frilled lizards
  A gnoll skeleton (Crypt:1)
  A jackal skeleton (Crypt:2)
  33 kobolds
  10 rats
  2 river rat simulacra (Lair:2)
  A river rat skeleton (Crypt:2)
  A lurking horror (Abyss:3)
  3 starspawn tentacles (Abyss:3)
2445 creatures vanquished.

Vanquished Creatures (others)
  A juggernaut (Depths:3)
  A golden dragon (Zot:2)
  Asterion (Depths:1)
  An eldritch tentacle (Zot:5)
  A shadow dragon (Depths:3)
  A fire giant (Depths:3)
  A draconian annihilator (Zot:3)
  A hydra (D:14)
  A centaur warrior (D:14)
  A ghost crab (Swamp:4)
  A boulder beetle (D:14)
  A dancing weapon (Vaults:5)
  3 deep elf knights
  2 phantasmal warriors
  7 bloated husks
  A jumping spider (Spider:1)
  An air elemental (Elf:2)
  2 vampire mosquitoes (Swamp:1)
  A small abomination (Zot:3)
  2 ball lightnings (Swamp:3)
  10 foxfires
  7 starspawn tentacles (Abyss:3)
48 creatures vanquished.

Grand Total: 2493 creatures vanquished

Notes
Turn   | Place    | Note
-------+----------+-------------------------------------------
     0 | D:1      | RepHenryClay the Demonspawn Gladiator began the quest for
                  | the Orb.
     0 | D:1      | Reached XP level 1. HP: 16/16 MP: 1/1
   231 | D:1      | Gained mutation: You are partially covered in molten
                  | scales. (AC +2) [demonic ancestry]
   231 | D:1      | Reached XP level 2. HP: 22/22 MP: 2/2
   836 | D:1      | Reached XP level 3. HP: 27/27 MP: 3/3
   924 | D:2      | Noticed Jessica
   951 | D:2      | Killed Jessica
  1060 | D:2      | Reached XP level 4. HP: 33/33 MP: 4/4
  1285 | D:2      | Identified the +0 robe "Cetteze" {rElec rF+ Dex-2}
  1455 | D:2      | Identified the +3 helmet of Pufenut {Str+2 Int+5}
  1455 | D:2      | Noticed Robin
  1593 | D:2      | Killed Robin
  1594 | D:2      | Reached skill level 5 in Staves
  2236 | D:3      | Gained mutation: You are mostly covered in molten scales.
                  | (AC +3) [demonic ancestry]
  2236 | D:3      | Reached XP level 5. HP: 29/38 MP: 5/5
  2746 | D:3      | Reached skill level 1 in Armour
  2968 | D:4      | Gained mutation: You have sharp fingernails. [demonic
                  | ancestry]
  2968 | D:4      | Reached XP level 6. HP: 41/44 MP: 6/6
  2983 | D:4      | Found a staircase to the Ecumenical Temple.
  2994 | Temple   | Entered the Ecumenical Temple
  3053 | Temple   | Became a worshipper of Warmaster Okawaru
  3336 | D:3      | Found Xavari's General Store.
  3339 | D:3      | Bought a scroll of teleportation for 33 gold pieces
  3780 | D:5      | Entered Level 5 of the Dungeon
  3793 | D:5      | Gained mutation: You may rarely emit foul miasma when
                  | damaged in melee. [demonic ancestry]
  3793 | D:5      | Reached XP level 7. HP: 47/50 MP: 7/7
  3872 | D:5      | Found a sand-covered staircase.
  3878 | Ossuary  | Entered an ossuary
  3906 | Ossuary  | Reached * piety under Okawaru
  3907 | Ossuary  | Reached skill level 5 in Armour
  3918 | Ossuary  | Reached skill level 1 in Invocations
  4057 | Ossuary  | Reached skill level 5 in Invocations
  4102 | Ossuary  | Reached XP level 8. HP: 56/56 MP: 12/12
  4130 | Ossuary  | Reached ** piety under Okawaru
  4456 | D:5      | Found a runed translucent door.
  4457 | D:5      | Noticed Crazy Yiuf
  4469 | D:5      | Killed Crazy Yiuf
  4791 | D:5      | Reached skill level 3 in Fighting
  5365 | D:6      | Reached skill level 4 in Fighting
  5365 | D:6      | Gained mutation: You have very sharp fingernails. [demonic
                  | ancestry]
  5365 | D:6      | Reached XP level 9. HP: 65/65 MP: 15/15
  5450 | D:6      | You fall into a shaft and drop 3 floors!
  5507 | D:8      | Noticed Prince Ribbit
  5526 | D:8      | Killed Prince Ribbit
  5526 | D:8      | Reached *** piety under Okawaru
  5555 | D:8      | Found a radiant altar of Vehumet.
  5555 | D:8      | Found a basalt altar of Yredelemnul.
  5555 | D:8      | Found a sparkling altar of Nemelex Xobeh.
  5594 | D:8      | Noticed Joseph
  5603 | D:8      | Paralysed by Joseph for 2 turns
  5614 | D:8      | Killed Joseph
  5615 | D:8      | Reached skill level 5 in Fighting
  5728 | D:8      | Reached skill level 6 in Fighting
  5746 | D:8      | Reached **** piety under Okawaru
  5845 | D:8      | Reached skill level 7 in Fighting
  5996 | D:7      | Reached XP level 10. HP: 74/77 MP: 16/16
  6054 | D:7      | Reached ***** piety under Okawaru
  6712 | D:7      | Reached skill level 8 in Fighting
  6808 | D:7      | Identified the +7 flail "Voixamn" {drain, Str+2}
  7902 | D:9      | Found a staircase to the Orcish Mines.
  7953 | D:9      | Identified the +3 cloak "Zairaitt" {Fly rPois rF- Str+3}
                  | (Okawaru gifted it to you on level 9 of the Dungeon)
  7953 | D:9      | Received a gift from Okawaru
  7966 | D:9      | Reached skill level 9 in Fighting
  8337 | D:9      | Reached skill level 10 in Armour
  8773 | D:10     | Entered Level 10 of the Dungeon
  8775 | D:10     | Noticed a two-headed ogre
  8789 | D:10     | Killed a two-headed ogre
  8790 | D:10     | Gained mutation: You have claws for hands. [demonic
                  | ancestry]
  8790 | D:10     | Reached XP level 11. HP: 46/90 MP: 17/17
  9039 | D:10     | Noticed a two-headed ogre
  9045 | D:10     | Killed a two-headed ogre
  9466 | D:11     | Noticed Harold
  9489 | D:11     | Killed Harold
  9509 | D:11     | Noticed a deep elf pyromancer
  9565 | Orc:1    | Entered Level 1 of the Orcish Mines
  9565 | Orc:1    | Noticed Maurice
  9587 | Orc:1    | Killed Maurice
  9701 | Orc:1    | Found Hoipnipp's Armour Shop.
  9704 | Orc:1    | Noticed an orc warlord
  9715 | Orc:1    | Reached skill level 5 in Long Blades
  9725 | Orc:1    | Killed an orc warlord
  9842 | Orc:1    | Noticed an orc sorcerer
  9857 | Orc:1    | Killed an orc sorcerer
  9890 | Orc:1    | Noticed a two-headed ogre
  9890 | Orc:1    | Noticed a two-headed ogre
  9890 | Orc:1    | Noticed an ogre mage
  9910 | Orc:1    | Killed a two-headed ogre
  9910 | Orc:1    | Identified the +6 lajatang of Premature Burial {flame,
                  | Dex+3 Stlth+} (Okawaru gifted it to you on level 1 of the
                  | Orcish Mines)
  9910 | Orc:1    | Received a gift from Okawaru
  9914 | Orc:1    | Killed a two-headed ogre
  9919 | Orc:1    | Killed an ogre mage
  9920 | Orc:1    | Noticed a two-headed ogre
  9929 | Orc:1    | Killed a two-headed ogre
  9930 | Orc:1    | Gained mutation: You sometimes emit foul miasma when
                  | damaged in melee. [demonic ancestry]
  9930 | Orc:1    | Reached XP level 12. HP: 31/97 MP: 18/18
 10127 | Orc:2    | Entered Level 2 of the Orcish Mines
 10459 | D:3      | Bought the +8 demon blade "Leech" {evervamp, Harm Drain
                  | rN+} for 996 gold pieces
 10459 | D:3      | Found the +8 demon blade "Leech" {evervamp, Harm Drain rN+}
 10784 | Orc:2    | Found a staircase to the Elven Halls.
 10817 | Orc:2    | Noticed a two-headed ogre
 10948 | D:11     | Identified the +5 triple sword of Hupadoj {freeze, rN++}
                  | (Okawaru gifted it to you on level 11 of the Dungeon)
 10948 | D:11     | Received a gift from Okawaru
 11108 | D:11     | Reached skill level 5 in Dodging
 11225 | D:11     | Found a radiant altar of Vehumet.
 11350 | D:11     | Found a staircase to the Lair.
 11648 | D:12     | Noticed Fannar
 11660 | D:12     | Killed Fannar
 11712 | D:12     | Found the amulet of Elemental Vulnerability {rPois rF--
                  | rC-- AC+8}
 11790 | D:12     | Received a gift from Okawaru
 11791 | D:12     | Reached skill level 10 in Long Blades
 11926 | D:12     | Received a gift from Okawaru
 12004 | D:12     | Noticed a centaur warrior
 12019 | D:12     | Killed a centaur warrior
 12356 | Lair:1   | Entered Level 1 of the Lair of Beasts
 12359 | Lair:1   | Noticed Erica
 12366 | Lair:1   | Killed Erica
 12490 | Lair:1   | Gained mutation: A meltable shield of frost defends you.
                  | (SH +4) [demonic ancestry]
 12490 | Lair:1   | Reached XP level 13. HP: 103/103 MP: 19/19
 12649 | Lair:1   | Found a runed translucent door.
 12650 | Lair:1   | Noticed uvd540's ghost (novice MiBe)
 13694 | Lair:2   | Found a hole to the Spider Nest.
 13789 | Lair:2   | Reached ****** piety under Okawaru
 13869 | Lair:2   | Found a staircase to the Swamp.
 13924 | Lair:2   | Identified the +2 great sword "Boriemnu" {freeze, +Blink
                  | rCorr Str-3 Int+8} (Okawaru gifted it to you on level 2 of
                  | the Lair of Beasts)
 13924 | Lair:2   | Received a gift from Okawaru
 14454 | Lair:3   | Found a dark tunnel.
 14499 | Volcano  | Entered a volcano
 14531 | Volcano  | Reached skill level 10 in Fighting
 14612 | Volcano  | Noticed a red draconian
 14627 | Volcano  | Killed a red draconian
 14981 | Lair:3   | Identified the scarf of Protective Custody {+Inv, Will+
                  | Str+3 Int+4} (Okawaru gifted it to you on level 3 of the
                  | Lair of Beasts)
 14981 | Lair:3   | Received a gift from Okawaru
 15549 | Lair:3   | Found a radiant altar of Vehumet.
 15648 | Lair:4   | Reached XP level 14. HP: 78/103 MP: 20/20
 15954 | Lair:4   | Reached skill level 11 in Fighting
 16106 | Lair:4   | You fall into a shaft and drop 1 floor!
 16106 | Lair:5   | Entered Level 5 of the Lair of Beasts
 16133 | Lair:5   | Found a staircase to the Slime Pits.
 16133 | Lair:5   | Found a viscous altar of Jiyva.
 16350 | Lair:5   | Received a gift from Okawaru
 16531 | Lair:5   | Identified the +1 plate armour of Fipnips {rN+ Int+4}
                  | (Okawaru gifted it to you on level 5 of the Lair of Beasts)
 16531 | Lair:5   | Received a gift from Okawaru
 16636 | Lair:5   | Found a large runed translucent door.
 16640 | Lair:5   | Found a large runed translucent door.
 16890 | Lair:5   | Reached skill level 12 in Fighting
 18336 | Lair:4   | Found a runed translucent door.
 18366 | Lair:4   | Identified the +3 whip of Cemem {freeze, Dex+5}
 18370 | Lair:4   | Found a runed translucent gate.
 18370 | Lair:4   | Found a runed translucent gate.
 18370 | Lair:4   | Found a runed translucent gate.
 18370 | Lair:4   | Found a runed translucent gate.
 18371 | Lair:4   | Found a runed translucent gate.
 18372 | Lair:4   | Found a runed translucent gate.
 18399 | Lair:4   | Reached skill level 10 in Dodging
 18399 | Lair:4   | Reached XP level 15. HP: 99/122 MP: 21/21
 18547 | Lair:1   | Killed uvd540's ghost
 18624 | D:13     | Reached skill level 1 in Shields
 19271 | D:14     | Identified the +3 kite shield of the Green Okapi {rC+++
                  | Regen+ Str+2} (Okawaru gifted it to you on level 14 of the
                  | Dungeon)
 19271 | D:14     | Received a gift from Okawaru
 19383 | D:14     | Found a transporter.
 19674 | D:14     | Reached skill level 5 in Shields
 19772 | D:14     | Found a gate to the Vaults.
 19868 | D:14     | Found a transporter.
 20016 | D:15     | Entered Level 15 of the Dungeon
 20055 | D:15     | Found a staircase to the Depths.
 20055 | D:15     | Noticed a fire giant
 20077 | D:15     | Killed a fire giant
 20972 | D:14     | Identified a scroll of acquirement
 20973 | D:14     | Acquired 768 gold pieces
 21013 | D:14     | Received a gift from Okawaru
 21020 | D:14     | Gained mutation: Armour fits poorly on your strangely
                  | shaped body. [mutagenic glow]
 21028 | D:14     | Gained mutation: Your body sometimes deteriorates upon
                  | taking damage. [mutagenic glow]
 21040 | D:14     | Gained mutation: You are weak. (Str -2) [mutagenic glow]
 21055 | D:14     | Gained mutation: You are dopey. (Int -2) [mutagenic glow]
 21067 | D:14     | Gained mutation: You have a pair of small antennae on your
                  | head. [mutagenic glow]
 21202 | D:14     | Identified the +3 scimitar "Embalmer" {flame, rN+ Str+2
                  | Stlth-}
 21204 | D:14     | Identified the ring of Prescription {rElec rF+ Str+6}
 21211 | D:14     | Identified the ring of Jecryg {Fly rC+ Str+2 Int-3 Dex+3}
 21223 | D:14     | Lost mutation: Armour fits poorly on your strangely shaped
                  | body. [potion of mutation]
 21223 | D:14     | Lost mutation: You have a pair of small antennae on your
                  | head. [potion of mutation]
 21223 | D:14     | Gained mutation: You are strong-willed. (Will+) [potion of
                  | mutation]
 21223 | D:14     | Gained mutation: You are highly strong-willed. (Will++)
                  | [potion of mutation]
 21223 | D:14     | Gained mutation: Your spells are a little harder to cast,
                  | but a little more powerful. [potion of mutation]
 21224 | D:14     | Lost mutation: You are highly strong-willed. (Will++)
                  | [potion of mutation]
 21224 | D:14     | Lost mutation: Your body sometimes deteriorates upon taking
                  | damage. [potion of mutation]
 21224 | D:14     | Gained mutation: You are covered in fur. (AC +1) [potion of
                  | mutation]
 21224 | D:14     | Gained mutation: You have very sharp teeth. [potion of
                  | mutation]
 21224 | D:14     | Lost mutation: You are dopey. (Int -2) [potion of mutation]
 21483 | Orc:2    | Found a radiant altar of Vehumet.
 21800 | Orc:2    | Reached skill level 10 in Shields
 21940 | Orc:2    | Found Veujunk's General Store.
 21943 | Orc:2    | Found Umiduax's Magic Scroll Shop.
 21944 | Orc:2    | Found Kihas's Assorted Antiques.
 21945 | Orc:2    | Found Funiuts's Distillery.
 21952 | Orc:2    | Bought a scroll of magic mapping for 90 gold pieces
 21956 | Orc:2    | Bought a scroll of identify for 52 gold pieces
 21956 | Orc:2    | Bought a scroll of identify for 52 gold pieces
 21956 | Orc:2    | Bought a square lapis lazuli amulet for 130 gold pieces
 21961 | Orc:2    | Bought a scroll of blinking for 135 gold pieces
 22218 | Swamp:1  | Entered Level 1 of the Swamp
 22227 | Lair:2   | Received a gift from Okawaru
 22492 | Swamp:1  | Reached XP level 16. HP: 129/129 MP: 22/22
 23739 | Swamp:3  | Found a transporter.
 23826 | Swamp:3  | Found a transporter.
 23862 | Swamp:3  | Reached skill level 15 in Shields
 23891 | Swamp:3  | Received a gift from Okawaru
 24453 | Swamp:3  | Identified the +1 cloak of Action {Fly}
 24455 | Swamp:3  | Identified the ring of Ejeoqeerphu {rPois rC+ AC+4}
 24501 | Swamp:4  | Entered Level 4 of the Swamp
 25003 | Swamp:4  | Noticed a bone dragon
 25036 | Swamp:4  | HP: 1/109 [spriggan druid/angry trees (11)]
 25093 | Swamp:4  | Noticed a thorn hunter
 25108 | Swamp:3  | Killed a thorn hunter
 25502 | Swamp:4  | Killed a bone dragon
 25563 | Swamp:4  | Got a decaying rune of Zot
 25803 | Spider:1 | Entered Level 1 of the Spider Nest
 25855 | Spider:1 | Reached skill level 13 in Fighting
 25957 | Spider:1 | Noticed Roxanne
 26199 | Spider:1 | Gained mutation: Your hexes are more powerful. [demonic
                  | ancestry]
 26199 | Spider:1 | Reached XP level 17. HP: 135/136 MP: 23/23
 26202 | Spider:1 | Received a gift from Okawaru
 26403 | Spider:1 | Noticed Donald
 26421 | Spider:1 | Killed Donald
 26753 | Spider:1 | Noticed Josephine
 26772 | Spider:1 | Killed Josephine
 26772 | Spider:1 | Identified the +3 buckler of Jiss {+Blink} (Okawaru gifted
                  | it to you on level 1 of the Spider Nest)
 26772 | Spider:1 | Received a gift from Okawaru
 27138 | Spider:1 | Upgraded the game from 0.31-a0-145-g046c7d2549 to
                  | 0.31-a0-149-g3fdcc5976a
 27598 | Spider:2 | HP: 5/123 [jumping spider (25)]
 28348 | Spider:2 | Reached skill level 14 in Fighting
 28532 | Spider:3 | Identified the scarf "Vopn" {repulsion, rPois Will- Stlth+}
                  | (Okawaru gifted it to you on level 3 of the Spider Nest)
 28532 | Spider:3 | Received a gift from Okawaru
 29106 | Spider:4 | Entered Level 4 of the Spider Nest
 30018 | Spider:4 | Gained mutation: Your melee attacks may debilitate your
                  | foes. [demonic ancestry]
 30018 | Spider:4 | Reached XP level 18. HP: 148/148 MP: 24/24
 30241 | Spider:4 | Reached skill level 15 in Fighting
 30519 | Spider:4 | Identified the +7 tower shield "Lec Kuub" {rElec rN+ Will-
                  | Dex+2} (Okawaru gifted it to you on level 4 of the Spider
                  | Nest)
 30519 | Spider:4 | Received a gift from Okawaru
 30671 | Spider:4 | Identified the +4 pair of gloves "Apieh" {Harm Rampage}
 30686 | Spider:4 | Got a gossamer rune of Zot
 30925 | Vaults:1 | Entered Level 1 of the Vaults
 31269 | Orc:1    | Bought a +4 plate armour of willpower for 750 gold pieces
 31876 | Vaults:1 | Reached skill level 15 in Armour
 32937 | Vaults:2 | Identified the +7 quarterstaff "Gedowyll" {flame, rElec
                  | rC+} (Okawaru gifted it to you on level 2 of the Vaults)
 32937 | Vaults:2 | Received a gift from Okawaru
 32938 | Vaults:2 | Reached skill level 16 in Fighting
 33063 | Vaults:2 | Identified the staff of earth "Vuunawey" {Contam rPois
                  | Str+4 Dex+2}
 33215 | Vaults:2 | Identified the +0 ring mail of Vehumet, Glimmering {rC- rN+
                  | Int+5}
 33514 | Vaults:2 | Reached XP level 19. HP: 156/157 MP: 25/25
 34125 | Vaults:3 | Identified the +10 quarterstaff of the Enfolding Gnat
                  | {freeze, Str+5}
 34174 | Vaults:3 | Identified the +1 sling of Quzxek {flame, SInv Stlth+}
                  | (Okawaru gifted it to you on level 3 of the Vaults)
 34174 | Vaults:3 | Received a gift from Okawaru
 34408 | Vaults:3 | Found a staircase to the Crypt.
 34408 | Vaults:3 | Found an ancient bone altar of Kikubaaqudgha.
 34408 | Vaults:3 | Found a basalt altar of Yredelemnul.
 34689 | Vaults:3 | Reached skill level 17 in Fighting
 34691 | Vaults:3 | Identified the +0 buckler of the Other World {Harm Str+2
                  | Int+3 Stlth+}
 34695 | Vaults:3 | Found Toess's Assorted Antiques.
 34718 | Vaults:3 | Bought a heavily runed amber ring for 225 gold pieces
 34718 | Vaults:3 | Identified the ring of Ulocw {Fly rPois Str+6} (You bought
                  | it in a shop on level 3 of the Vaults)
 35054 | Vaults:4 | Received a gift from Okawaru
 35359 | Vaults:4 | Noticed Mennas
 35520 | Depths:1 | Entered Level 1 of the Depths
 35570 | Depths:1 | Noticed Asterion
 35612 | Depths:1 | Killed Asterion
 35618 | Depths:1 | Reached skill level 15 in Dodging
 35925 | Depths:1 | Found a one-way gate to the infinite horrors of the Abyss.
 36126 | Depths:1 | Found a gateway to Hell.
 36816 | Depths:2 | Found a one-way gate leading to the halls of Pandemonium.
 36862 | Depths:2 | Gained mutation: A meltable icy envelope protects you from
                  | harm. (AC +8) [demonic ancestry]
 36862 | Depths:2 | Reached XP level 20. HP: 170/170 MP: 26/26
 36998 | Depths:2 | Found a one-way gateway to a ziggurat.
 37007 | Depths:2 | Received a gift from Okawaru
 37328 | Depths:2 | Reached skill level 18 in Fighting
 38042 | Depths:3 | Found Yteraew's Book Emporium.
 38043 | Depths:3 | Noticed a golden dragon
 38165 | Depths:2 | Killed a golden dragon
 38193 | Depths:3 | Found Wosuc's General Store.
 38590 | Depths:3 | Identified the +6 chain mail of Okawaru's Outrage {*Slow
                  | rC++ Regen+ Int+2} (Okawaru gifted it to you on level 3 of
                  | the Depths)
 38590 | Depths:3 | Received a gift from Okawaru
 38710 | Depths:3 | Noticed a juggernaut
 38723 | Depths:3 | Killed a juggernaut
 38757 | Depths:3 | Noticed a golden dragon
 38772 | Depths:3 | Killed a golden dragon
 38884 | Depths:3 | Found Gyfamim's Weapon Boutique.
 39489 | Depths:4 | Entered Level 4 of the Depths
 39513 | Depths:4 | Noticed a bone dragon
 39553 | Depths:4 | Killed a bone dragon
 39554 | Depths:4 | Reached skill level 19 in Fighting
 39587 | Depths:4 | Noticed Parghit
 39634 | Depths:4 | Killed Parghit
 39635 | Depths:4 | Gained mutation: You are completely covered in molten
                  | scales. (AC +4, rF+) [demonic ancestry]
 39635 | Depths:4 | Reached XP level 21. HP: 180/180 MP: 21/27
 39805 | Depths:4 | Noticed a caustic shrike
 39806 | Depths:4 | Noticed a caustic shrike
 39807 | Depths:4 | Noticed a caustic shrike
 39808 | Depths:4 | Noticed a caustic shrike
 39822 | Depths:4 | Killed a caustic shrike
 39843 | Depths:4 | Killed a caustic shrike
 39860 | Depths:4 | Killed a caustic shrike
 39866 | Depths:4 | Killed a caustic shrike
 40001 | Depths:4 | Noticed the Enchantress
 40123 | Depths:4 | Killed the Enchantress
 40123 | Depths:4 | Identified the +0 kite shield of the Planets {Str+3 SInv}
                  | (Okawaru gifted it to you on level 4 of the Depths)
 40123 | Depths:4 | Received a gift from Okawaru
 40352 | Depths:4 | Noticed Louise
 40373 | Depths:4 | Killed Louise
 40599 | Depths:4 | Found a gate to the Realm of Zot.
 41218 | Elf:1    | Entered Level 1 of the Elven Halls
 41218 | Elf:1    | Found a runed translucent gate.
 41218 | Elf:1    | Found a runed translucent gate.
 41218 | Elf:1    | Found a runed translucent gate.
 41218 | Elf:1    | Found a runed translucent gate.
 41218 | Elf:1    | Found a runed translucent gate.
 41218 | Elf:1    | Found a runed translucent gate.
 41219 | Elf:1    | Found a runed translucent door.
 41237 | Elf:1    | Found a runed translucent door.
 41374 | Elf:1    | Paralysed by an air elemental for 1 turns
 41650 | Elf:1    | Noticed Aizul
 41663 | Elf:1    | Killed Aizul
 42357 | Elf:2    | Reached skill level 20 in Fighting
 42478 | Elf:2    | Received a gift from Okawaru
 42506 | Elf:2    | Found a runed translucent door.
 42507 | Elf:2    | Found a shimmering altar of Xom.
 42507 | Elf:2    | Noticed Yzemonill's ghost (adept HuVM)
 42508 | Elf:2    | Identified the +1 scimitar "Ceamnecu" {chaos, rF- Str+8
                  | Int+3}
 42643 | Elf:2    | Found a runed translucent gate.
 42646 | Elf:2    | Found a runed translucent gate.
 42647 | Elf:2    | Found a runed translucent gate.
 42851 | Elf:2    | Reached skill level 5 in Throwing
 43094 | Elf:2    | Gained mutation: A meltable icy envelope protects you from
                  | harm. (AC +8) [demonic ancestry]
 43094 | Elf:2    | Reached XP level 22. HP: 173/190 MP: 28/28
 43232 | Elf:2    | Killed Yzemonill's ghost
 43242 | Elf:2    | Identified the staff of cold "Lerih" {rC+ rN++ Int+3}
 43243 | Elf:2    | Identified the +10 battleaxe "Robab" {antimagic, Fragile
                  | Int+4 Dex+7}
 43264 | Elf:3    | Entered Level 3 of the Elven Halls
 43331 | Elf:3    | Found Ketofes's Weapon Emporium.
 43622 | Elf:3    | Found Jusmolamoo's Antique Weapon Emporium.
 43624 | Elf:3    | Found Asseogap's Assorted Antiques.
 43624 | Elf:3    | Found Radiaher's Jewellery Emporium.
 43629 | Elf:3    | Found Gumoeh's Weapon Shoppe.
 43632 | Elf:3    | Bought a scroll labelled DOPUWA YKHAYF for 21 gold pieces
 44049 | Elf:3    | Identified the +7 quarterstaff "Nyaseufa" {freeze, MP+9
                  | Str+2} (Okawaru gifted it to you on level 3 of the Elven
                  | Halls)
 44049 | Elf:3    | Received a gift from Okawaru
 44446 | Elf:3    | Identified the +4 plate armour "Jemeat" {Will+ Regen+
                  | Int+8}
 44450 | Elf:3    | Identified the +2 robe of the Land of Plenty {rC+ Int+3}
 44450 | Elf:3    | Identified the amulet "Wokhil" {Reflect Harm rF++ SH+5}
 44495 | Elf:3    | Reached skill level 10 in Throwing
 44537 | Elf:3    | Got the Exposition on Injury
 44558 | Elf:3    | Identified the +4 ring mail "Inodo" {rPois Slay+2}
 44587 | Elf:3    | Identified the staff of earth "Yceyss" {Fragile +Blink rF+
                  | Dex+3}
 44592 | Elf:3    | Identified the staff of earth "Rujeocsi" {rN+}
 44956 | Vaults:5 | Entered Level 5 of the Vaults
 45018 | Vaults:5 | Identified the +4 chain mail "Rosiud" {rC+ Regen+}
 45019 | Vaults:5 | Identified the +8 flail "Unugo" {flame, rF- Int+6}
 45108 | Vaults:5 | Received a gift from Okawaru
 45190 | Vaults:5 | Received a gift from Okawaru
 45308 | Vaults:5 | Noticed a dread lich
 45324 | Vaults:5 | Killed a dread lich
 45502 | Vaults:5 | Identified the +9 rapier of Qirhacly {elec, Drain rC++
                  | Int+5}
 45538 | Vaults:5 | Noticed a golden dragon
 45548 | Vaults:5 | Killed a golden dragon
 45593 | Vaults:5 | Noticed a caustic shrike
 45596 | Vaults:5 | a caustic shrike changed into an iron giant
 45597 | Vaults:5 | an iron giant changed into a golden dragon
 45597 | Vaults:5 | Noticed a golden dragon (glowing shapeshifter)
 45601 | Vaults:5 | Identified the ring "Dyets" {rF+ rC+ Will+ Stlth-}
 45606 | Vaults:5 | a golden dragon changed into a stone giant
 45705 | Vaults:5 | Identified the +11 plate armour of Zebin {Slay+2} (Okawaru
                  | gifted it to you on level 5 of the Vaults)
 45705 | Vaults:5 | Received a gift from Okawaru
 45804 | Vaults:5 | Identified the +8 rapier of Gozag's Delight {drain, rF+
                  | Dex+2}
 45939 | Vaults:5 | Reached skill level 10 in Invocations
 45988 | Vaults:5 | Identified the +0 ring mail of Carved Curiosity {Will++
                  | Int+2}
 46031 | Vaults:5 | Gained mutation: You are surrounded by an aura of silence.
                  | [demonic ancestry]
 46031 | Vaults:5 | Reached XP level 23. HP: 196/196 MP: 30/30
 46278 | Vaults:5 | Got a silver rune of Zot
 47154 | Zot:1    | Entered Level 1 of the Realm of Zot
 47264 | Zot:1    | You fall into a shaft and drop 1 floor!
 47323 | Zot:2    | Received a gift from Okawaru
 47347 | Zot:2    | Reached skill level 15 in Invocations
 47379 | Zot:2    | Received a gift from Okawaru
 48339 | Zot:2    | Received a gift from Okawaru
 48494 | Zot:1    | Noticed an ancient lich
 48494 | Zot:1    | Found a stormy altar of Qazlal.
 48504 | Zot:2    | Killed an ancient lich
 48545 | Zot:1    | Identified the +2 trident "Met Kass" {drain, Int+3 Dex+5}
 48549 | Zot:1    | Got the Textbook on the Fault
 48711 | Zot:1    | Upgraded the game from 0.31-a0-149-g3fdcc5976a to
                  | 0.31-a0-152-g6aa68a64a1
 48716 | Zot:1    | Reached XP level 24. HP: 204/204 MP: 34/34
 49059 | Zot:1    | Reached skill level 15 in Throwing
 49995 | Zot:3    | Noticed a Killer Klown
 50030 | Zot:3    | Received a gift from Okawaru
 50031 | Zot:3    | Reached skill level 1 in Evocations
 50064 | Zot:3    | Killed a Killer Klown
 50187 | Zot:3    | Reached skill level 5 in Evocations
 50558 | Zot:3    | Noticed an orb of fire
 50561 | Arena    | Entered the Arena
 50565 | Arena    | Gained mutation: Your body sometimes deteriorates upon
                  | taking damage. [an orb of fire]
 50566 | Arena    | Lost mutation: Your spells are a little harder to cast, but
                  | a little more powerful. [an orb of fire]
 50571 | Arena    | Killed an orb of fire
 50690 | Zot:3    | Reached skill level 21 in Fighting
 50973 | Zot:3    | Received a gift from Okawaru
 51245 | Zot:3    | Noticed an orb of fire
 51261 | Zot:3    | Gained mutation: You are frail. (-10% HP) [an orb of fire]
 51267 | Zot:3    | Gained mutation: You occasionally lose the ability to read
                  | scrolls when taking damage. [an orb of fire]
 51270 | Zot:3    | Killed an orb of fire
 51484 | Zot:3    | Lost mutation: You are frail. (-10% HP) [potion of
                  | mutation]
 51484 | Zot:3    | Lost mutation: You are weak. (Str -2) [potion of mutation]
 51484 | Zot:3    | Gained mutation: You occasionally lose the ability to drink
                  | potions when taking damage. [potion of mutation]
 51484 | Zot:3    | Gained mutation: You have a pair of small horns on your
                  | head. [potion of mutation]
 51485 | Zot:3    | Lost mutation: You are covered in fur. (AC +1) [potion of
                  | mutation]
 51485 | Zot:3    | Lost mutation: You are strong-willed. (Will+) [potion of
                  | mutation]
 51485 | Zot:3    | Lost mutation: You occasionally lose the ability to drink
                  | potions when taking damage. [potion of mutation]
 51485 | Zot:3    | Gained mutation: You have supernaturally acute eyesight.
                  | (SInv) [potion of mutation]
 51486 | Zot:3    | Lost mutation: Your body sometimes deteriorates upon taking
                  | damage. [potion of mutation]
 51486 | Zot:3    | Lost mutation: You occasionally lose the ability to read
                  | scrolls when taking damage. [potion of mutation]
 51486 | Zot:3    | Gained mutation: You are somewhat resistant to further
                  | mutation. [potion of mutation]
 52493 | Zot:4    | Noticed an orb of fire
 52516 | Zot:4    | Killed an orb of fire
 52529 | Zot:3    | Received a gift from Okawaru
 52544 | Zot:3    | Reached XP level 25. HP: 211/212 MP: 3/34
 52605 | Zot:3    | Received a gift from Okawaru
 52606 | Zot:3    | Reached skill level 22 in Fighting
 53332 | Zot:5    | Entered Level 5 of the Realm of Zot
 53360 | Zot:5    | Found a runed translucent gate.
 53360 | Zot:5    | Found a runed translucent gate.
 53360 | Zot:5    | Found a runed translucent gate.
 53370 | Zot:5    | Noticed MrSquiggles's ghost (adept MiFi)
 53943 | Crypt:1  | Entered Level 1 of the Crypt
 54119 | Crypt:1  | Noticed Margery
 54151 | Crypt:1  | Killed Margery
 54152 | Crypt:1  | Reached skill level 23 in Fighting
 54172 | Crypt:1  | Received a gift from Okawaru
 54505 | Crypt:1  | Noticed Jory
 54524 | Crypt:1  | Killed Jory
 54870 | Crypt:2  | Acquired the ring "Fuen" {+Blink rF++ Will+ Dex-2 Stlth+}
 54909 | Crypt:1  | Found an ancient bone altar of Kikubaaqudgha.
 54927 | Crypt:2  | Noticed Vv
 54981 | Crypt:1  | Killed Vv
 54988 | Crypt:2  | Identified the +4 chain mail "Wamer" {rCorr} (Okawaru
                  | gifted it to you on level 2 of the Crypt)
 54988 | Crypt:2  | Received a gift from Okawaru
 55474 | Crypt:2  | Reached skill level 24 in Fighting
 55621 | Crypt:2  | Found a hide-covered altar of Uskayaw.
 55840 | Crypt:3  | Entered Level 3 of the Crypt
 56252 | Crypt:3  | Found a staircase to the Tomb.
 56705 | Crypt:3  | Reached skill level 25 in Fighting
 56714 | Crypt:3  | Found an ancient bone altar of Kikubaaqudgha.
 56947 | Crypt:3  | Found a basalt altar of Yredelemnul.
 56954 | Crypt:3  | Found the +7 great mace "Undeadhunter" {deathbane, rN+}
 57295 | Vaults:3 | Bought a scroll of acquirement for 2340 gold pieces
 57295 | Vaults:3 | Acquired the amulet "Nunif" {Rampage rC+++ Regen+ Dex+3
                  | SInv}
 57575 | Depths:3 | Bought the +4 kite shield of Optimism {-Cast Dex+4 Stlth+}
                  | for 785 gold pieces
 57587 | Depths:3 | Upgraded the game from 0.31-a0-152-g6aa68a64a1 to
                  | 0.31-a0-154-g56bf346678
 58295 | Zot:5    | Reached XP level 26. HP: 231/235 MP: 34/34
 58313 | Zot:5    | Noticed a dread lich
 58335 | Zot:5    | Killed a dread lich
 58687 | Zot:5    | Noticed an orb of fire
 58706 | Zot:5    | Gained mutation: You occasionally lose the ability to read
                  | scrolls when taking damage. [an orb of fire]
 58707 | Zot:5    | Killed an orb of fire
 58731 | Zot:5    | Noticed a dread lich
 58778 | Zot:5    | Killed a dread lich
 58781 | Zot:5    | Received a gift from Okawaru
 59010 | Zot:5    | Received a gift from Okawaru
 59027 | Zot:5    | Noticed a dread lich
 59047 | Zot:5    | Killed a dread lich
 59055 | Zot:5    | Noticed an orb of fire
 59088 | Zot:5    | Gained mutation: Armour fits poorly on your strangely
                  | shaped body. [an orb of fire]
 59108 | Zot:5    | Received a gift from Okawaru
 59119 | Zot:5    | Gained mutation: Your body sometimes deteriorates upon
                  | taking damage. [an orb of fire]
 59121 | Zot:5    | Killed an orb of fire
 59131 | Zot:5    | Received a gift from Okawaru
 59160 | Zot:5    | Noticed an ancient lich
 59177 | Zot:5    | Killed an ancient lich
 59207 | Zot:5    | Noticed an ancient lich
 59217 | Zot:5    | Killed an ancient lich
 59217 | Zot:5    | Received a gift from Okawaru
 59241 | Zot:5    | Noticed an orb of fire
 59300 | Zot:5    | Lost mutation: You are somewhat resistant to further
                  | mutation. [an orb of fire]
 59304 | Zot:5    | Killed an orb of fire
 59431 | Zot:5    | Gained mutation: You do not regenerate when monsters are
                  | visible. [mutagenic glow]
 59449 | Zot:5    | Gained mutation: Your magical capacity is low. (-10% MP)
                  | [mutagenic glow]
 59469 | Zot:5    | Lost mutation: You do not regenerate when monsters are
                  | visible. [mutagenic glow]
 59668 | Zot:5    | Lost mutation: You have very sharp teeth. [potion of
                  | mutation]
 59668 | Zot:5    | Lost mutation: You have supernaturally acute eyesight.
                  | (SInv) [potion of mutation]
 59668 | Zot:5    | Lost mutation: Your magical capacity is low. (-10% MP)
                  | [potion of mutation]
 59668 | Zot:5    | Gained mutation: You are agile. (Dex +4, Str/Int -1)
                  | [potion of mutation]
 59668 | Zot:5    | Gained mutation: Your flesh is cold resistant. (rC+)
                  | [potion of mutation]
 59669 | Zot:5    | Lost mutation: Armour fits poorly on your strangely shaped
                  | body. [potion of mutation]
 59669 | Zot:5    | Lost mutation: Your body sometimes deteriorates upon taking
                  | damage. [potion of mutation]
 59669 | Zot:5    | Lost mutation: You are agile. (Dex +4, Str/Int -1) [potion
                  | of mutation]
 59669 | Zot:5    | Gained mutation: You possess an exceptional clarity of
                  | mind. [potion of mutation]
 59669 | Zot:5    | Gained mutation: Your natural rate of healing is unusually
                  | fast. [potion of mutation]
 59670 | Zot:5    | Lost mutation: Your flesh is cold resistant. (rC+) [potion
                  | of mutation]
 59670 | Zot:5    | Lost mutation: You occasionally lose the ability to read
                  | scrolls when taking damage. [potion of mutation]
 59670 | Zot:5    | Lost mutation: Your natural rate of healing is unusually
                  | fast. [potion of mutation]
 59670 | Zot:5    | Gained mutation: You are dopey. (Int -2) [potion of
                  | mutation]
 59670 | Zot:5    | Gained mutation: Your flesh is heat resistant. (rF+)
                  | [potion of mutation]
 59670 | Zot:5    | Gained mutation: Your muscles are strong. (Str +4, Int/Dex
                  | -1) [potion of mutation]
 59927 | Depths:4 | Voluntarily entered the Abyss.
 59960 | Abyss:2  | Found a corrupted altar of Lugonu.
 60164 | Abyss:3  | Received a gift from Okawaru
 60200 | Abyss:3  | Found a corrupted altar of Lugonu.
 60284 | Abyss:3  | Paralysed by accursed screaming for 1 turns
 60315 | Abyss:3  | Got an abyssal rune of Zot
 60361 | Depths:4 | Escaped the Abyss
 60652 | Slime:1  | Entered Level 1 of the Pits of Slime
 60879 | Slime:2  | Gained mutation: Your magical capacity is low. (-10% MP) [a
                  | shining eye]
 61415 | Slime:5  | Entered Level 5 of the Pits of Slime
 61447 | Slime:5  | Gained mutation: You are frail. (-10% HP) [a shining eye]
 61539 | Slime:5  | Gained mutation: You are very frail. (-20% HP) [a shining
                  | eye]
 61651 | Slime:5  | Gained mutation: You frequently emit foul miasma when
                  | damaged in melee. [demonic ancestry]
 61651 | Slime:5  | Reached XP level 27. HP: 159/193 MP: 30/30
 61746 | Slime:5  | Found a viscous altar of Jiyva.
 61916 | Slime:5  | Noticed the Royal Jelly
 61935 | Slime:5  | Killed the Royal Jelly
 62022 | Slime:5  | Identified the staff of poison "Siamm" {rPois Dex+3}
 62040 | Slime:5  | Identified the +0 plate armour of Bixzac {Int+3}
 62051 | Slime:5  | Identified the +8 great mace of Death's Door {pain, *Slow
                  | rC+ Str+3}
 62053 | Slime:5  | Got a slimy rune of Zot
 62061 | Slime:5  | Identified the amulet "Tugel" {Acrobat Str+8}
 62067 | Slime:5  | Identified the ring "Sirpho" {rC+ Dex+3 SInv}
 62093 | Slime:5  | Identified the +1 battleaxe "Qurhuk" {pain, Fly Str+4
                  | Dex-5}
 62096 | Slime:5  | Identified the +1 robe of the Eight Boll Weevils {rCorr
                  | Int-5 Stlth+}
 62106 | Slime:5  | Got the Lectures on the Energetic Tincture
 62134 | Slime:5  | Identified the +4 halberd of Ascent {freeze, rF+ Will+}
 62287 | Slime:5  | Gained mutation: You occasionally lose the ability to drink
                  | potions when taking damage. [a shining eye]
 63504 | Zot:5    | Got the Orb of Zot
 63582 | Zot:4    | Noticed Husel the pandemonium lord
 63623 | Zot:3    | Killed Husel the pandemonium lord
 63630 | Zot:3    | Noticed Sead the pandemonium lord
 63666 | Zot:3    | Noticed Jyuwne the pandemonium lord
 63666 | Zot:3    | Killed Sead the pandemonium lord
 63696 | Zot:4    | Received a gift from Okawaru
 63697 | Zot:4    | Reached skill level 10 in Evocations
 63727 | Zot:4    | Lost mutation: You are dopey. (Int -2) [potion of mutation]
 63727 | Zot:4    | Lost mutation: Your flesh is heat resistant. (rF+) [potion
                  | of mutation]
 63728 | Zot:4    | Lost mutation: You occasionally lose the ability to drink
                  | potions when taking damage. [potion of mutation]
 63728 | Zot:4    | Lost mutation: Your muscles are strong. (Str +4, Int/Dex
                  | -1) [potion of mutation]
 63728 | Zot:4    | Lost mutation: You possess an exceptional clarity of mind.
                  | [potion of mutation]
 63752 | Zot:3    | Killed Jyuwne the pandemonium lord
 63926 | Zot:1    | Noticed a seraph
 64162 | D:14     | Received a gift from Okawaru
 64223 | D:12     | Gained mutation: You occasionally shout uncontrollably at
                  | your foes. [a neqoxec]
 64427 | D:4      | Noticed Qociung the pandemonium lord
 64520 | D:$      | Escaped with the Orb!

Illustrated notes

Levels and vault maps discovered:
D:1:      giann_wishing_wells, layout_basic, patterned_corridor
D:2:      layout_loops_ring, minivault_25, minmay_split_cup_large, uniq_jessica,
          uniq_robin
D:3:      kennysheep_six_static_rooms, layout_loops_cross, serial_shops,
          nicolae_shop_tiny_real_fake_doors
D:4:      layout_basic, minmay_temple_entry_overgrown, palyth_stone_intersect
D:5:      layout_gridville, nicolae_ossuary_entry_plus, uniq_crazy_yiuf_cottage
D:6:      layout_gridville
D:7:      layout_basic, serial_bayou, serial_bayou_lagoon_a,
          serial_bayou_pond_a, serial_bayou_lagoon_b, serial_bayou_shore_b
D:8:      layout_loops_ring, chequers_temple_overflow_statue_of_worship,
          kennysheep_generic_room_15, uniq_joseph, uniq_prince_ribbit1
D:9:      layout_irregular_city, erik_orc_3, chequers_hall_statues_y
D:10:     layout_big_octagon, nicolae_water_bricks
D:11:     layout_rooms, lair_entry_dummy, corexii_checkpoint_a,
          dk_noncrumbling_2, vehumet_statue, uniq_harold
D:12:     layout_basic, grunt_decor_one_mirror, kennysheep_small_square,
          uniq_fannar
D:13:     layout_loops_cross
D:14:     gammafunk_its_a_trap, layout_cave_pools, david_vaults_5,
          serial_undead, serial_undead_e, serial_undead_b, serial_undead_e,
          serial_undead_a
D:15:     grunt_enter_depths_giant_problem, layout_loops_corners,
          amcnicky_mini_rare_corridor_liquid
Temple:   nicolae_temple_bog_church
Lair:1:   dpeg_oklob_gauntlet, layout_small_grid, gammafunk_ghost_grave,
          lemuel_fruit_fields, uniq_erica
Lair:2:   layout_misc_corridors, minmay_swamp_entry_reptiles,
          dummy_spider_entry, eino_house_with_fridge, grunt_megastairs_1,
          lemuel_fruit_tree
Lair:3:   minmay_lair_oklob_chamber, layout_gridlike, basic_altar,
          nicolae_volcano_entry_vermiform, serial_bayou_shore_b,
          infiniplex_staircase_pool_2, lemuel_fruit_fields
Lair:4:   gammafunk_indiana_jones, layout_concentric_octagons,
          grunt_megastairs_4
Lair:5:   cheibrodos_lair_end_hotspot, layout_cellular_growth,
          minmay_slime_entry_pillars, st_stairs_5
Swamp:1:  layout_basic_swamp, serial_swamp_ruin, evilmike_swamp_ruin_house_4,
          evilmike_swamp_ruin_house_1
Swamp:2:  layout_basic_swamp, evilmike_swamp_ruin_house_2
Swamp:3:  gammafunk_worm_tunnel, layout_basic_swamp, nicolae_swamp_little_swirl,
          hangedman_swamp_phenomena
Swamp:4:  swamp_pestilence, layout_basic_swamp
Spider:1: layout_chambers, uniq_roxanne, uniq_donald, uniq_josephine
Spider:2: layout_spider_delve, nicolae_orb_island
Spider:3: layout_spider_delve
Spider:4: spider_rune_water, drop_trap, nicolae_crawler_farm
Slime:1:  layout_caves
Slime:2:  layout_caves, nicolae_slime_barrier
Slime:3:  layout_caves
Slime:4:  layout_caves, nicolae_slime_rock_hall_of_fame
Slime:5
Orc:1:    layout_caves, serial_shops, nicolae_shop_rolling_square, uniq_maurice
Orc:2:    st_orc_pillars, layout_caves, basic_altar
Elf:1:    nicolae_elf_arrival_dilemma, layout_loops_corners,
          kennysheep_underground_church, minivault_11, minivault_25, uniq_aizul
Elf:2:    elven_hall_of_blades_hangedman_original
          [infiniplex_blade_entry_pillars], layout_rooms, ebering_ghost_xom
Elf:3:    minmay_elf_hall, layout_gridlike, serial_shops, shop_statue,
          minmay_shoptagon
Vaults:1: nicolae_vaults_little_squares_3, nicolae_vaults_ninety_degrees,
          hangedman_vaults_snaps, nicolae_vaults_three_branches,
          nicolae_vaults_storage_closets_2, v_misc_30,
          nicolae_vaults_tetromino_T_2, layout_vaults_quadrants
Vaults:2: grunt_vaults_diagonal, ontoclasm_vaults_loading_screen, v_misc_12,
          nicolae_vaults_inception_scallops, vaults_room_hangedman_quadrants,
          nicolae_vaults_octothorpe, nicolae_vaults_little_squares_6, v_rooms_4,
          v_misc_11, nicolae_vaults_apartment_1, v_pattern_5,
          nicolae_vaults_diamond_1, vaults_room_fours,
          nicolae_vaults_closet_pinwheel_4, layout_vaults_big_room
Vaults:3: v_misc_17, vaults_mumra_chevron, hangedman_vaults_corner_blocks,
          minmay_crypt_entry_necro_gods, hangedman_vaults_hat, v_misc_11,
          nicolae_vaults_circle_grid_a, nicolae_vaults_little_squares_1,
          nicolae_vaults_oval_intersection, nicolae_vaults_sealed_display,
          hangedman_vaults_nails, nicolae_vaults_mini_display_case,
          dpeg_vaults_monster_row, nicolae_vaults_murder_corner,
          layout_vaults_maze_bifur, serial_shops, nicolae_shop_crystal
Vaults:4: nicolae_vaults_little_squares_4, vaults_room_large_hall,
          nicolae_vaults_tetromino_L_1, grunt_vaults_swirl,
          nicolae_vaults_storage_room_glass, nicolae_vaults_network_barrier,
          nicolae_vaults_trapezoid_lopsided_3, v_misc_24, grunt_vaults_twisty,
          layout_vaults_omnicross, uniq_mennas
Vaults:5
Crypt:1:  layout_gridlike, ebering_dispersal_statue_hall,
          grunt_crypt_arrival_webbed, grunt_megastairs_5, lemuel_upstairs_altar,
          uniq_jory, uniq_margery
Crypt:2:  layout_regular_city, moated_statue, nicolae_danse_macabre, uniq_vv
Crypt:3:  lightli_unholy_cathedral, layout_chaotic_city, grunt_megastairs_3
Depths:1: layout_basic, hangedman_geh_valley, abyss_entry,
          minmay_misc_feat_doors, hangedman_decor_riveting,
          kennysheep_generic_room_6, uniq_asterion
Depths:2: hangedman_crystal_crosses_colossus [crystal_crosses_arms_two,
          crystal_crosses_arms_two, crystal_crosses_arms_one,
          crystal_crosses_arms_one], pan_entry, hell_entry, abyss_entry
Depths:3: minmay_containers, layout_cave_pools, abyss_entry,
          serial_co_window_serial, co_window_corner_a, co_window_paths_b,
          co_window_of_opportunity_a, co_window_of_opportunity_a,
          co_window_of_opportunity_a, co_window_broadway_c, co_window_paths_c,
          co_window_paths_c, co_window_sun, co_window_paths_d, lightli_too_deep,
          serial_shops, shop, nicolae_shop_stone,
          nicolae_shop_competitors_out_of_business
Depths:4: grunt_zot_entry_gee_three, layout_gridville,
          nicolae_abyss_entry_one_way_or_another, grunt_hell_entry_dis_mu,
          serial_bayou_shore_a, uniq_parghit, uniq_enchantress
Zot:1:    regret_index_qazlal_generations, layout_misc_corridors
Zot:2:    layout_basic, st_single_dragon_hoard_3, zot_minivault_5
Zot:3:    hangedman_zot_vaults_quadrants, layout_onion,
          hangedman_zot_diagonal_lockstep, zot_minivault_2
Zot:4:    layout_misc_corridors
Zot:5:    layout_concentric_octagons, ebering_ghost_rock_garden

Skill      XL: |  1  2  3  4  5  6  7  8  9 10 11 12 13 14 15 16 17 18 19 20 21 22 23 24 25 26 27 |
---------------+----------------------------------------------------------------------------------+-----
Staves         | 3 4 5 |  5.5
Armour         | 2 4 5 6 8 10 12 14 15 16 18 22 | 22.0
Invocations    | 6 9 10 15 | 15.0
Fighting       | 4 7 9 10 12 13 14 16 17 19 20 21 25 | 25.4
Long Blades    | 8 11 14 | 14.0
Dodging        | 7 10 12 13 15 16 17 22 | 22.0
Shields        | 12 15 | 15.8
Throwing       | 6 10 14 16 | 16.0
Evocations     | 7 11 | 11.3

Action                     |  1- 3 |  4- 6 |  7- 9 | 10-12 | 13-15 | 16-18 | 19-21 | 22-24 | 25-27 || total
---------------------------+-------+-------+-------+-------+-------+-------+-------+-------+-------++-------
  Melee: Quarterstaff      |    90 |   252 |   324 |       |       |       |       |       |       ||   666
         Trident           |       |       |    93 |       |       |       |       |       |       ||    93
         Punch             |       |       |     6 |    19 |    15 |       |       |       |       ||    40
         Long sword        |       |       |    24 |   561 |       |       |       |       |       ||   585
         Demon blade       |       |       |       |   252 |  1106 |  1964 |  2837 |  3141 |  2665 || 11965
         Lajatang          |       |       |       |    34 |       |       |       |       |       ||    34
         Scimitar          |       |       |       |       |   450 |   490 |       |       |       ||   940
         Bite              |       |       |       |       |    32 |   443 |   558 |   652 |   367 ||  2052
         Great sword       |       |       |       |       |       |    30 |       |       |       ||    30
         Headbutt          |       |       |       |       |       |       |       |    25 |  1012 ||  1037
  Throw: Dart              |       |       |       |       |     3 |    47 |       |       |       ||    50
         Javelin           |       |       |       |       |       |       |       |    65 |    41 ||   106
 Invoke: Heroism           |       |       |     4 |    14 |     2 |     9 |     7 |    15 |    14 ||    65
         Finesse           |       |       |       |       |       |     1 |     1 |     6 |     3 ||    11
         Duel              |       |       |       |       |       |       |       |     1 |       ||     1
  Evoke: Wand              |       |       |       |     5 |     3 |     6 |       |       |     3 ||    17
         Lightning rod     |       |       |       |       |       |     2 |       |       |       ||     2
         Condenser vane    |       |       |       |       |       |       |       |     2 |     1 ||     3
    Use: Scroll            |       |     3 |     5 |    12 |    16 |     9 |     1 |     9 |    13 ||    68
         Potion            |       |       |       |     6 |     7 |     6 |     1 |     9 |    34 ||    63
   Stab: Sleeping          |     2 |     1 |       |       |       |       |       |       |       ||     3
         Distracted        |       |       |       |       |       |       |     1 |       |       ||     1
         Confused          |       |       |       |       |       |       |       |     4 |     2 ||     6
 Armour: Leather armour    |    34 |    55 |       |       |       |       |       |       |       ||    89
         Chain mail        |       |    60 |   280 |   888 |   563 |   905 |       |       |       ||  2696
         Plate armour      |       |       |       |       |       |   162 |   881 |  1361 |   887 ||  3291
  Dodge: Dodged            |    47 |   143 |   177 |   525 |   825 |  1544 |  1182 |  1965 |  1421 ||  7829
  Block: Other             |       |       |       |       |    99 |     1 |       |       |       ||   100
         Kite shield       |       |       |       |       |   451 |  2694 |  1997 |  2934 |  2526 || 10602
         Reflection        |       |       |       |       |     7 |       |       |       |       ||     7

Table legend: (Time is in decaauts)
 A = Elapsed time spent in this place.
 B = Non-inter-level travel time spent in this place.
 C = Inter-level travel time spent in this place.
 D = Time resting spent in this place.
 E = Time spent auto-exploring this place.
 F = Levels seen in this place.
 G = Mean time per level.
                   A        B        C        D        E       F      G
               +--------+--------+--------+--------+--------+-----+--------+
         Total |  60546 |  51559 |   8987 |   1544 |  31708 |  62 |  976.5 |
       Dungeon |  15673 |  12926 |   2747 |    549 |   8969 |  15 | 1044.9 |
        Temple |     87 |     63 |     24 |      0 |     47 |   1 |   87.0 |
          Lair |   6403 |   5371 |   1032 |     66 |   3850 |   5 | 1280.6 |
         Swamp |   3552 |   3249 |    303 |     93 |   1941 |   4 |  888.0 |
   Spider Nest |   4296 |   4098 |    198 |    360 |   2291 |   4 | 1074.0 |
    Slime Pits |   1583 |   1451 |    132 |     11 |    589 |   5 |  316.6 |
  Orcish Mines |   1843 |   1514 |    329 |    111 |    838 |   2 |  921.5 |
   Elven Halls |   3192 |   3032 |    160 |      6 |   1998 |   3 | 1064.0 |
        Vaults |   6483 |   5213 |   1270 |      0 |   3114 |   5 | 1296.6 |
         Crypt |   2947 |   2797 |    150 |     33 |   1622 |   3 |  982.3 |
        Depths |   5849 |   4770 |   1079 |     66 |   2938 |   4 | 1462.2 |
           Zot |   7701 |   6143 |   1558 |    223 |   3169 |   5 | 1540.2 |
         Abyss |    356 |    356 |      0 |      6 |     81 |   3 |  118.7 |
       Ossuary |    300 |    300 |      0 |      0 |     78 |   1 |  300.0 |
       Volcano |    251 |    251 |      0 |      2 |    181 |   1 |  251.0 |
         Arena |     23 |     23 |      0 |     17 |      0 |   1 |   23.0 |
               +--------+--------+--------+--------+--------+-----+--------+

Top non-repeatable levels by time:
   Zot:1: 2238 daAuts
   Zot:5: 1903 daAuts
Vaults:5: 1763 daAuts
   Zot:3: 1750 daAuts
  Lair:5: 1653 daAuts
    D:14: 1628 daAuts
Depths:2: 1592 daAuts
Depths:4: 1564 daAuts
     D:9: 1499 daAuts
Vaults:1: 1467 daAuts
Vaults:3: 1415 daAuts
  Lair:1: 1405 daAuts
Depths:3: 1354 daAuts
Depths:1: 1337 daAuts
Vaults:2: 1293 daAuts
